 Dungeon Crawl Stone Soup version 0.29.1-15-g9cfb28693d (webtiles) character file.

Game seed: 10924974711591249005

213037 growler the Brawler (level 18, -3/188 HPs)
             Began as a Merfolk Transmuter on Apr 2, 2023.
             Was the Champion of Wu Jian.
             Slain by an alligator (8 damage)
             ... on level 3 of the Swamp.
             The game lasted 02:48:32 (52591 turns).

growler the Brawler (Merfolk Transmuter)           Turns: 52591, Time: 02:48:34

Health: -3/188     AC: 10    Str: 16    XL:     18   Next: 94%
Magic:  26/27      EV: 13    Int: 15    God:    Wu Jian [******]
Gold:   3098       SH:  5    Dex: 12    Spells: 9/29 levels left

rFire   . . .      SeeInvis .     - Unarmed
rCold   + + +      Faith    .   (shield currently unavailable)
rNeg    . . .      Spirit   .   (body armour currently unavailable)
rPois   +          Reflect  +   (helmet currently unavailable)
rElec   .          Harm     .   (cloak currently unavailable)
rCorr   .          Rampage  .   (gloves currently unavailable)
Will    +....                   (boots currently unavailable)
Stlth   +++.......              I - amulet of reflection
HPRegen 0.41/turn               i - +4 ring of slaying
MPRegen 0.20/turn               C - ring of protection from fire

@: exhausted, ice-form, studying 2 skills
A: freezing attack, boosted hp, large, (nimble swimmer 2), (mertail), clumsy 1
}: 1/15 runes: serpentine
a: End Transformation, Renounce Religion, Wall Jump, Serpent's Lash, Heavenly
Storm


You were on level 3 of the Swamp.
You worshipped Wu Jian.
Wu Jian was exalted by your worship.
You were a creature of crystalline ice.
You visited 6 branches of the dungeon, and saw 31 of its levels.
You visited the Abyss 1 time.
You also visited: Sewer and Ice Cave.

You collected 4828 gold pieces.
You spent 1730 gold pieces at shops.

Inventory:

Missiles
 c - a throwing net
Armour
 a - a +0 robe
 q - a +2 cloak (melded)
 A - a +0 helmet (melded)
 K - a +2 hat
 N - the +1 pair of gloves of Fuck (melded) {Will+ Dex+2}
   (You found it on level 2 of the Snake Pit)

   Dex:       It affects your dexterity (+2).
   Will:      It increases your willpower.
 U - a +2 robe of willpower (melded)
 V - a +0 pair of boots of rampaging (melded)
Jewellery
 i - a +4 ring of slaying (left front paw)
 r - a ring of resist corrosion
 x - a +4 ring of evasion
 C - a ring of protection from fire (right front paw)
 F - an amulet of faith
 I - an amulet of reflection (around neck)
 S - a ring of see invisible
 W - a ring of protection from cold
 X - a ring of magical power
 Y - a ring of flight
 Z - a ring of willpower
Wands
 E - a wand of paralysis (33)
 G - a wand of flame (39)
 H - a wand of iceblast (23)
 O - a wand of mindburst (5)
 T - a wand of quicksilver (15)
Scrolls
 b - 2 scrolls of immolation
 e - a scroll of summoning
 f - 17 scrolls of teleportation
 h - 8 scrolls of poison
 k - 6 scrolls of magic mapping
 o - 3 scrolls of torment
 s - 3 scrolls of enchant armour
 u - 3 scrolls of brand weapon
 v - 7 scrolls of fear
 w - 3 scrolls of enchant weapon
 y - 3 scrolls of butterflies
 B - 5 scrolls of vulnerability
 L - 5 scrolls of amnesia
Potions
 d - 9 potions of haste
 g - 5 potions of attraction
 j - 9 potions of curing
 l - 3 potions of heal wounds
 m - a potion of berserk rage
 n - 6 potions of flight
 p - 2 potions of ambrosia
 t - 4 potions of mutation
 z - 3 potions of might
 D - 4 potions of brilliance
 J - 2 potions of invisibility
 M - 3 potions of magic
 P - 6 potions of lignification
 Q - 2 potions of resistance
 R - 2 potions of cancellation


   Skills:
 - Level 18.0 Fighting
 + Level 9.0 Dodging
 - Level 6.0 Stealth
 + Level 20.0 Unarmed Combat
 - Level 6.0 Spellcasting
 + Level 19.3 Transmutations
 - Level 6.0 Ice Magic
 + Level 12.0 Air Magic
 - Level 3.6 Poison Magic


You had 9 spell levels left.
You knew the following spells:

 Your Spells              Type           Power      Damage    Failure   Level
a - Beastly Appendage     Tmut           100%       N/A       0%          1
b - Wereblood             Tmut           58%        N/A       0%          2
c - Spider Form           Tmut/Pois      39%        N/A       1%          3
d - Ice Form              Ice/Tmut       42%        N/A       1%          4
e - Storm Form            Tmut/Air       25%        N/A       21%         7
f - Swiftness             Air            40%        N/A       1%          3

Your spell library contained the following spells:

 Spells                   Type           Power      Damage    Failure   Level
 Poisonous Vapours        Pois/Air       54%        N/A       1%          2
 Static Discharge         Conj/Air       22%        3-6/arc   1%          2
 Ignite Poison            Fire/Tmut/Pois 27%        N/A       1%          3
 Airstrike                Air            20%        2d(3-19)  1%          4
 Petrify                  Tmut/Erth      33%        N/A       2%          4
 Mephitic Cloud           Conj/Pois/Air  20%        N/A       5%          3
 Summon Lightning Spire   Summ/Air       22%        N/A       12%         4
 Foxfire                  Conj/Fire      16%        2x1d4     14%         1
 Magic Dart               Conj           16%        1d3       14%         1
 Sandblast                Erth           8%         2d5       14%         1
 Corpse Rot               Necr/Pois/Air  20%        N/A       17%         4
 Blink                    Tloc           8%         N/A       22%         2
 Call Imp                 Summ           4%         N/A       22%         2
 Scorch                   Fire           8%         2d5       22%         2
 Lightning Bolt           Conj/Air       11%        1d24      34%         5
 Hailstorm                Conj/Ice       13%        3d5       38%         4
 Statue Form              Tmut/Erth      22%        N/A       38%         6
 Conjure Flame            Conj/Fire      4%         6-21      41%         3
 Gell's Gravitas          Tloc           4%         N/A       41%         3
 Lesser Beckoning         Tloc           4%         N/A       41%         3
 Stone Arrow              Conj/Erth      8%         3d7       41%         3
 Teleport Other           Tloc           4%         N/A       41%         3
 Metabolic Englaciation   Hex/Ice        6%         N/A       75%         5
 Animate Dead             Necr           4%         N/A       82%         4
 Flame Wave               Conj/Fire      4%         2d5       82%         4
 Leda's Liquefaction      Hex/Erth       2%         N/A       82%         4
 Sticky Flame             Conj/Fire      4%         2d3       82%         4
 Borgnjor's Vile Clutch   Necr/Erth      2%         N/A       99%         5
 Fireball                 Conj/Fire      2%         3d4       99%         5
 Manifold Assault         Tloc           4%         N/A       99%         5
 Death Channel            Necr           2%         N/A       100%        6
 Simulacrum               Ice/Necr       6%         N/A       100%        6
 Summon Cactus Giant      Summ           2%         N/A       100%        6
 Lehudib's Crystal Spear  Conj/Erth      2%         10d2      100%        8
 Maxwell's Capacitive Co  Air            20%        ∞         100%        8


Dungeon Overview and Level Annotations

Branches:
Dungeon (15/15)            Temple (1/1) D:7            Lair (5/5) D:11
  Swamp (4/4) Lair:3        Snake (4/4) Lair:3        Slime (0/5) Lair:4
    Orc (2/2) D:12            Elf (0/3) Orc:2        Vaults (0/5) D:14
 Depths (0/4) D:15          Sewer (visited)           IceCv (visited)

Altars:
Dithmenos
Elyvilon
Fedhas
Gozag
Hepliaklqana
Kikubaaqudgha
Makhleb
Okawaru
Qazlal
Trog
Uskayaw
Vehumet
Wu Jian
Yredelemnul
Zin
Jiyva

Shops:
D:2 !   D:3 ?   D:5 :   D:6 :   D:15 (   Orc:1 ?[(   Orc:2 :!(:   Snake:3 :=:

Annotations:
D:6 2 transporters, domi's ghost, novice MeEE
D:7 1 runed translucent door, oldplebian's ghost, novice HOCA
D:13 2 runed translucent doors, Feigank's ghost, journeyman GnCA
Lair:2 3 runed translucent doors, kingofthe's ghost, journeyman SpEn
Snake:4 3 runed translucent doors, F1ng0rz's ghost, adept VSFi; croobank's ghost, adept DsFE


Innate Abilities, Weirdness & Mutations

You are a creature of crystalline ice.
You have a powerful freezing melee attack.
Your maximum health is increased.
Your armour is entirely melded.
You are incapable of wielding weapons or throwing items.
((You are very nimble when in or above water. (Stealth+, EV+, Speed+++)))
((Your lower body shifts to a powerful aquatic tail in water.))
You are clumsy. (Dex -2)


Message History

The fenstrider witch kicks you.
* * * LOW HITPOINT WARNING * * *
You block the alligator's attack.
The alligator tail-slaps you but does no damage.
You feel much better.
The alligator is no longer moving slowly.
The fenstrider witch casts a spell at you.
Your body is wracked with pain!
* * * LOW HITPOINT WARNING * * *
The alligator bites you!
* * * LOW HITPOINT WARNING * * *
The alligator tail-slaps you!
* * * LOW HITPOINT WARNING * * *
Unknown command.
You feel much better.
The fenstrider witch hits you but does no damage.
The fenstrider witch closely misses you.
The alligator barely misses you. The alligator misses you.
The fenstrider witch casts a spell at you.
Your body is wracked with pain!
* * * LOW HITPOINT WARNING * * *
You feel much better. The fenstrider witch barely misses you.
The fenstrider witch closely misses you.
The alligator bites you!
* * * LOW HITPOINT WARNING * * *
The alligator tail-slaps you.
* * * LOW HITPOINT WARNING * * *
You spin and attack the fenstrider witch repeatedly.
You pummel the fenstrider witch!! You freeze the fenstrider witch.
The fenstrider witch is severely wounded.
You pummel the fenstrider witch!! You freeze the fenstrider witch.
The fenstrider witch is almost dead.
You spin and attack the alligator.
You barely miss the alligator.
The alligator is severely wounded.
The fenstrider witch hits you!
* * * LOW HITPOINT WARNING * * *
The fenstrider witch kicks you!!
* * * LOW HITPOINT WARNING * * *
The alligator bites you!
You die...

♣~....~~~~~♣...§....~~~.~~~.♣♣♣.
♣♣♣♣....~~~...~.~........~~.♣♣~.
♣§..~~~~~....~~~♣♣♣~.....~.~~
♣~...~§~~.~♣♣.~~~...~~~..~.§.
♣♣~~.~~..~♣♣♣♣~.~....~~..~~~.
♣~~~.....~~.♣♣♣♣♣...~§~..~~~.
♣♣..~~~~..~~♣♣ ♣.~~~~~~~..~~!
♣♣.~~~~....t♣ ♣~~~~...§♣♣.~.
♣♣~..~...HY♣ ♣♣..§.~♣♣♣♣...
♣♣♣♣♣♣♣♣♣~♣♣♣♣~♣♣♣♣♣ ♣~..♣
♣♣♣..~~~~♣♣ ♣♣...
♣♣♣♣.~...~~~~♣♣ ♣♣..~~
♣♣~♣....~......♣♣♣♣~~~..
♣..~.~~.~.......♣~~.....
♣~~♣~~.♣..#####...~...~.
♣♣♣♣~.~(.##...##..♣.~~..
♣....##...........~..


You could see an alligator (swift) and a fenstrider witch.

Vanquished Creatures
  Bai Suzhen (Swamp:3)
  Vashnia (Snake:2)
  Nikola (Snake:1)
  Mlioglotl (Swamp:3)
  A lich (Abyss:3)
  An Ice Fiend (IceCv)
  3 tentacled starspawn (Abyss:3)
  An Executioner (Abyss:3)
  2 thorn hunters (Swamp:1)
  Gastronok (D:9)
  Roxanne (D:14)
  4 nagarajas
  A fire giant (D:15)
  2 fenstrider witches
  Aizul (Swamp:3)
  An orc warlord (Orc:1)
  2 very ugly things
  4 eleionomae
  2 bunyips
  Azrael (D:14)
  2 ettins (D:14)
  A fire dragon (Lair:5)
  Josephine (Swamp:1)
  Snorg (Lair:4)
  2 shambling mangroves
  6 hydras
  8 vault guards (D:14)
  Erolcha (Orc:2)
  4 salamander tyrants
  A ghost crab (Swamp:2)
  A rakshasa (D:12)
  3 centaur warriors
  3 boulder beetles
  3 ogre magi
  4 caustic shrike simulacra (IceCv)
  A spriggan air mage (Swamp:3)
  17 anacondas
  2 catoblepae
  8 two-headed ogres
  8 naga warriors
  A tengu warrior (D:14)
  6 alligators
  3 death yaks (D:11)
  Urug (D:10)
  A thrashing horror (Abyss:3)
  A spriggan berserker (Swamp:2)
  Sonja (Lair:1)
  10 naga sharpshooters
  9 shock serpents
  A wretched star (Abyss:3)
  5 goliath frogs
  5 salamander mystics
  3 skeletal warriors (D:13)
  6 spriggan druids
  3 naga ritualists
  6 bog bodies
  7 swamp dragons
  3 sea snakes (Snake:4)
  2 obsidian statues (IceCv)
  An orc knight (D:15)
  3 wizards
  4 deep elf pyromancers
  8 orc sorcerers (Orc:2)
  2 oklob plants (Lair:3)
  15 mana vipers
  4 cyclopes
  17 salamanders
  10 ugly things
  5 will-o-the-wisps
  9 elephants
  A rust devil (Abyss:3)
  8 guardian serpents
  10 naga magi
  38 black mambas
  A smoke demon (Abyss:3)
  Maggie (D:10)
  8 cane toads
  An unseen horror (D:11)
  2 rime drakes
  6 freezing wraiths
  3 tengu conjurers
  An efreet (D:14)
  An anaconda simulacrum (IceCv)
  A kobold demonologist (Abyss:3)
  11 komodo dragons
  3 trolls
  A golden dragon simulacrum (IceCv)
  An ice devil (IceCv)
  3 polar bears
  A meliai (shapeshifter) (D:12)
  A bloated husk (Swamp:1)
  A wind drake (shapeshifter) (D:13)
  4 large abominations (Abyss:3)
  15 hornets
  8 raiju (Abyss:3)
  6 tyrant leeches
  3 blink frogs (Lair:1)
  12 slime creatures
  A dire elephant simulacrum (IceCv)
  14 spriggans
  A shadow (D:10)
  4 wyverns
  45 yaks
  7 wraiths
  4 basilisks
  5 fire elementals (D:14)
  A neqoxec (Abyss:3)
  2 chaos spawn (Abyss:3)
  6 steam dragons
  A golden eye (Abyss:3)
  4 vampire mosquitoes
  13 swamp worms
  30 nagas
  3 acid dragons
  3 wargs
  A hell hound (D:14)
  5 hydra simulacra (IceCv)
  8 water moccasins
  4 swamp drakes
  18 orc warriors
  3 sky beasts
  4 small abominations (Abyss:3)
  A black bear (shapeshifter) (D:14)
  An ice beast (D:8)
  An alligator simulacrum (IceCv)
  12 ogres
  11 wolves
  15 centaurs
  8 kobold brigands
  An earth elemental (Abyss:3)
  9 bullfrogs
  2 gnoll sergeants
  2 deep troll simulacra (IceCv)
  3 scorpions
  3 wights (D:8)
  8 electric eels
  11 howler monkeys
  3 hounds
  A gnoll bouda (D:8)
  9 orc priests
  4 jellies
  5 iguanas
  29 orc wizards
  7 hell rats (Lair:5)
  13 gnolls
  2 river rats (Sewer)
  15 adders
  4 white imps
  3 ufetubi
  9 worms
  2 dart slugs
  71 orcs
  10 ball pythons
  9 endoplasms
  4 giant cockroaches
  11 goblins
  8 hobgoblins
  4 jackals (D:2)
  21 kobolds
  A quokka (D:1)
  2 bats (D:1)
  5 frilled lizards
  14 rats
  A spectral orc (D:9)
  2 briar patches (Swamp:1)
  A starspawn tentacle (Abyss:3)
958 creatures vanquished.

Vanquished Creatures (collateral kills)
  A bullfrog (D:7)
1 creature vanquished.

Vanquished Creatures (others)
  A ghost crab (Swamp:4)
  A basilisk (D:14)
  2 orc wizards (Orc:2)
  12 foxfires
  16 fungi
  58 plants
  4 starspawn tentacles (Abyss:3)
  6 withered plants (Snake:4)
100 creatures vanquished.

Grand Total: 1059 creatures vanquished

Notes
Turn   | Place    | Note
-------+----------+-------------------------------------------
     0 | D:1      | growler the Merfolk Transmuter began the quest for the Orb.
     0 | D:1      | Reached XP level 1. HP: 15/15 MP: 3/3
   579 | D:1      | Reached XP level 2. HP: 12/21 MP: 3/5
   736 | D:1      | Learned a level 2 spell: Wereblood
  1136 | D:1      | Reached XP level 3. HP: 4/26 MP: 4/6
  1609 | D:1      | Learned a level 3 spell: Spider Form
  2649 | D:2      | Reached skill level 4 in Unarmed Combat
  2959 | D:2      | Reached XP level 4. HP: 29/32 MP: 6/8
  3639 | D:2      | Found Giakhlet's Distillery.
  3970 | D:3      | Reached XP level 5. HP: 19/37 MP: 7/9
  3971 | D:3      | Found Lazuin's Magic Scroll Shoppe.
  4223 | D:3      | Reached skill level 5 in Unarmed Combat
  4469 | D:3      | Found a glowing drain.
  4486 | Sewer    | Entered a sewer
  4539 | Sewer    | Noticed a kobold brigand
  4712 | Sewer    | Noticed a kobold brigand
  4737 | Sewer    | Killed a kobold brigand
  4738 | Sewer    | Reached skill level 6 in Unarmed Combat
  4738 | Sewer    | Reached XP level 6. HP: 27/43 MP: 3/10
  5006 | Sewer    | Reached skill level 7 in Unarmed Combat
  5012 | Sewer    | Reached XP level 7. HP: 30/48 MP: 5/11
  5205 | Sewer    | Reached skill level 8 in Unarmed Combat
  6144 | D:4      | Reached skill level 9 in Unarmed Combat
  6308 | D:5      | Entered Level 5 of the Dungeon
  6364 | D:5      | Reached XP level 8. HP: 54/54 MP: 5/12
  6507 | D:5      | Found Kiumn's Self-Improvement Boutique.
  6575 | D:5      | Reached skill level 10 in Unarmed Combat
  6877 | D:5      | Reached skill level 1 in Poison Magic
  7494 | D:6      | Found Dugrim's Book Boutique.
  7628 | D:6      | Found a transporter.
  7631 | D:6      | Noticed domi's ghost (novice MeEE)
  7632 | D:6      | Noticed a wraith
  7639 | D:6      | Found a transporter.
  8211 | D:6      | Reached skill level 5 in Transmutations
  8324 | D:6      | Found a burning altar of Makhleb.
  8524 | D:7      | Reached XP level 9. HP: 58/63 MP: 14/14
  8536 | D:7      | Found a staircase to the Ecumenical Temple.
  8560 | Temple   | Entered the Ecumenical Temple
  8567 | Temple   | Became a worshipper of the Wu Jian Council
  8831 | D:7      | Found a runed translucent door.
  8837 | D:7      | Noticed oldplebian's ghost (novice HOCA)
  9241 | D:7      | Learned a level 4 spell: Ice Form
  9607 | D:7      | Reached skill level 1 in Ice Magic
 10153 | D:8      | Reached skill level 11 in Unarmed Combat
 10278 | D:8      | Reached skill level 5 in Fighting
 10433 | D:8      | Reached * piety under Wu Jian
 10583 | D:8      | Reached XP level 10. HP: 56/76 MP: 11/16
 11129 | D:8      | Reached skill level 1 in Stealth
 11749 | D:9      | Reached ** piety under Wu Jian
 11858 | D:9      | Reached skill level 5 in Ice Magic
 12106 | D:9      | Found a basalt altar of Yredelemnul.
 12301 | D:9      | Noticed Gastronok
 12767 | D:9      | Killed Gastronok
 12768 | D:9      | Reached skill level 5 in Dodging
 12768 | D:9      | Reached skill level 12 in Unarmed Combat
 12998 | D:9      | Found an ancient bone altar of Kikubaaqudgha.
 13020 | D:9      | Found a stormy altar of Qazlal.
 13021 | D:9      | Noticed a two-headed ogre
 13028 | D:9      | Killed a two-headed ogre
 13029 | D:9      | Reached XP level 11. HP: 54/84 MP: 12/17
 13224 | D:9      | Found a bloodstained altar of Trog.
 13224 | D:9      | Found a blossoming altar of Fedhas.
 13224 | D:9      | Found an iron altar of Okawaru.
 13330 | D:10     | Entered Level 10 of the Dungeon
 13341 | D:10     | Reached skill level 5 in Stealth
 13653 | D:10     | Reached *** piety under Wu Jian
 13892 | D:10     | Noticed Maggie
 14005 | D:10     | Killed Maggie
 14199 | D:10     | Noticed Urug
 14204 | D:10     | Killed Urug
 14946 | D:11     | Noticed a boulder beetle
 14960 | D:11     | Killed a boulder beetle
 14961 | D:11     | Reached skill level 13 in Unarmed Combat
 15166 | D:11     | Noticed a two-headed ogre
 15172 | D:11     | Killed a two-headed ogre
 15228 | D:11     | Noticed a cyan ugly thing
 15239 | D:11     | Killed a cyan ugly thing
 15260 | D:11     | Noticed a death yak
 15392 | D:11     | Found a staircase to the Lair.
 15395 | D:11     | Noticed a death yak
 15395 | D:11     | Noticed a death yak
 15411 | D:11     | Killed a death yak
 15412 | D:11     | Reached XP level 12. HP: 48/96 MP: 13/18
 15646 | D:11     | Killed a death yak
 15650 | D:11     | Noticed a boulder beetle
 15659 | D:11     | Killed a death yak
 15660 | D:11     | Reached skill level 10 in Fighting
 15698 | D:11     | Killed a boulder beetle
 15950 | D:11     | Reached skill level 14 in Unarmed Combat
 16155 | D:11     | Noticed a seven-headed hydra
 16159 | D:11     | Killed a seven-headed hydra
 16240 | Lair:1   | Entered Level 1 of the Lair of Beasts
 16243 | Lair:1   | Identified a scroll of acquirement
 16244 | Lair:1   | Acquired 1357 gold pieces
 16992 | Lair:1   | Noticed Sonja
 16999 | Lair:1   | Killed Sonja
 17345 | Lair:1   | Reached skill level 15 in Unarmed Combat
 17349 | Lair:1   | Reached **** piety under Wu Jian
 17350 | Lair:1   | Reached XP level 13. HP: 107/107 MP: 13/19
 18381 | Lair:2   | Found a runed translucent gate.
 18385 | Lair:2   | Found a runed translucent gate.
 18385 | Lair:2   | Found a runed translucent gate.
 18386 | Lair:2   | Found a viscous altar of Jiyva.
 18386 | Lair:2   | Noticed kingofthe's ghost (journeyman SpEn)
 18746 | Lair:3   | Found a staircase to the Snake Pit.
 19420 | Lair:3   | Found a staircase to the Swamp.
 19590 | Lair:3   | Found a blossoming altar of Fedhas.
 20213 | Lair:4   | Identified the +9 quarterstaff of Atynlus {vorpal, Will+
                  | Dex+2}
 20310 | Lair:4   | Noticed Snorg
 20330 | Lair:4   | Reached skill level 10 in Transmutations
 20825 | Lair:4   | Killed Snorg
 21018 | Lair:4   | Got the Discourse on the Noxious Salvo
 21034 | Lair:4   | Found a viscous altar of Jiyva.
 21037 | Lair:4   | Found a staircase to the Slime Pits.
 21433 | Lair:5   | Entered Level 5 of the Lair of Beasts
 21450 | Lair:5   | Reached skill level 16 in Unarmed Combat
 22460 | Lair:5   | Reached ***** piety under Wu Jian
 22821 | Lair:5   | Reached XP level 14. HP: 115/115 MP: 16/20
 23645 | D:12     | Found a staircase to the Orcish Mines.
 24722 | Orc:1    | Entered Level 1 of the Orcish Mines
 24722 | Orc:1    | Found Plog's Weapon Shop.
 24752 | Orc:1    | Found Nasieho's Armour Shop.
 24772 | Orc:1    | Noticed an orc warlord
 24798 | Orc:1    | Killed an orc warlord
 24989 | Orc:1    | Found Amogry's Magic Scroll Boutique.
 25353 | Orc:2    | Entered Level 2 of the Orcish Mines
 25447 | Orc:2    | Learned a level 7 spell: Storm Form
 25551 | Orc:2    | Found a staircase to the Elven Halls.
 25739 | Orc:2    | Noticed Erolcha
 25755 | Orc:2    | Killed Erolcha
 26153 | Orc:2    | Reached skill level 17 in Unarmed Combat
 26163 | Orc:2    | Found Ygiorea's Antique Weapon Boutique.
 26175 | Orc:2    | Found Fesif's Book Shop.
 26269 | Orc:2    | Found a radiant altar of Vehumet.
 26526 | Orc:2    | Found Erghoghau's Distillery.
 26677 | Orc:2    | Found an ancient bone altar of Kikubaaqudgha.
 26885 | Orc:2    | Found Nidir's Book Boutique.
 27671 | D:13     | Found a large runed translucent door.
 27672 | D:13     | Found a large runed translucent door.
 27674 | D:13     | Noticed Feigank's ghost (journeyman GnCA)
 27674 | D:13     | Found the +8 Vampire's Tooth {vamp}
 27743 | D:13     | Reached skill level 1 in Air Magic
 28981 | D:14     | Reached XP level 15. HP: 126/127 MP: 18/22
 29088 | D:14     | Found a gate to the Vaults.
 29105 | D:14     | Reached skill level 15 in Fighting
 29118 | D:14     | Identified the +6 quarterstaff of Sharkskin {freeze, rF+
                  | rN+ rCorr Int-4}
 29675 | D:14     | Reached skill level 5 in Spellcasting
 30093 | D:14     | Noticed Azrael
 30394 | D:14     | Killed Azrael
 31236 | Abyss:3  | Cast into level 3 of the Abyss (a wizard)
 31280 | Abyss:3  | Noticed a tentacled starspawn
 31289 | Abyss:3  | Killed a tentacled starspawn
 31302 | Abyss:3  | Noticed an Executioner
 31321 | Abyss:3  | Noticed a tentacled starspawn
 31340 | Abyss:3  | Killed a tentacled starspawn
 31394 | Abyss:3  | Noticed a tentacled starspawn
 31399 | Abyss:3  | Killed a tentacled starspawn
 31406 | Abyss:3  | Killed an Executioner
 31437 | Abyss:3  | Gained mutation: You are clumsy. (Dex -2) [a neqoxec]
 31443 | Abyss:3  | Reached skill level 18 in Unarmed Combat
 31597 | Abyss:3  | Found a corrupted altar of Lugonu.
 31733 | Abyss:3  | Noticed a lich
 31741 | Abyss:3  | Killed a lich
 31749 | D:14     | Escaped the Abyss
 31919 | D:14     | Identified Roxanne's Vademecum on the Geologist
 31919 | D:14     | Noticed Roxanne
 31934 | D:14     | Killed Roxanne
 32123 | D:14     | Found an ornate altar of the Wu Jian Council.
 32157 | D:15     | Entered Level 15 of the Dungeon
 32383 | D:15     | Found Jiczu's Antique Weapon Shop.
 32408 | D:15     | Found a staircase to the Depths.
 32408 | D:15     | Noticed a fire giant
 32461 | D:15     | Found a frozen archway.
 32470 | D:15     | Reached skill level 5 in Air Magic
 32484 | D:15     | Reached XP level 16. HP: 73/138 MP: 25/25
 32725 | IceCv    | Entered an ice cave
 33778 | IceCv    | Noticed an Ice Fiend
 33787 | IceCv    | Killed an Ice Fiend
 34057 | D:15     | Found a shadowy altar of Dithmenos.
 35051 | Swamp:1  | Entered Level 1 of the Swamp
 35057 | Swamp:1  | Reached skill level 15 in Transmutations
 35065 | Swamp:1  | Noticed a thorn hunter
 35403 | Swamp:1  | Killed a thorn hunter
 35572 | Swamp:1  | HP: 5/166 [spriggan rider/+0 spear (17)]
 35572 | Swamp:1  | HP: 1/166 [vampire mosquito (4)]
 37370 | Swamp:1  | Noticed a fenstrider witch
 37372 | Swamp:1  | Killed a fenstrider witch
 37376 | Swamp:1  | Reached skill level 19 in Unarmed Combat
 37568 | Swamp:1  | Noticed a thorn hunter
 37580 | Swamp:1  | Killed a thorn hunter
 37868 | Swamp:1  | Noticed Josephine
 37876 | Swamp:1  | Killed Josephine
 38627 | D:5      | Bought a manual of Dodging for 1200 gold pieces
 39658 | Swamp:2  | Reached XP level 17. HP: 147/147 MP: 22/26
 41169 | Swamp:3  | Noticed Mlioglotl
 41183 | Swamp:3  | Killed Mlioglotl
 41400 | Swamp:3  | Noticed Aizul
 41410 | Swamp:3  | Killed Aizul
 41588 | Swamp:3  | Got Sif Muna's Writings on the Electric Arsonist
 41614 | Swamp:3  | Learned a level 3 spell: Swiftness
 41635 | Swamp:3  | Noticed Bai Suzhen
 41799 | Swamp:3  | Killed Bai Suzhen
 42195 | Snake:1  | Entered Level 1 of the Snake Pit
 43683 | Snake:1  | Reached skill level 20 in Unarmed Combat
 43683 | Snake:1  | Noticed Nikola
 43688 | Snake:1  | Killed Nikola
 44455 | Snake:2  | Noticed Vashnia
 44748 | Snake:2  | Killed Vashnia
 45173 | Snake:2  | Identified the +1 pair of gloves of Fuck {Will+ Dex+2}
 46402 | Snake:3  | Reached XP level 18. HP: 47/157 MP: 27/27
 47220 | Snake:3  | Reached skill level 10 in Air Magic
 47220 | Snake:3  | Reached ****** piety under Wu Jian
 48487 | Snake:3  | Found a hazy altar of Hepliaklqana.
 48544 | Snake:3  | Found Ikereyst's Book Shop.
 48544 | Snake:3  | Found Aseg's Jewellery Shoppe.
 48545 | Snake:3  | Found Neppotol's Book Shop.
 48553 | Snake:3  | Bought a ring of willpower for 350 gold pieces
 48736 | Snake:4  | Entered Level 4 of the Snake Pit
 48875 | Snake:4  | Found a runed translucent gate.
 48875 | Snake:4  | Found a runed translucent gate.
 49212 | Snake:4  | Identified the +0 plate armour of Shadows and Fog {rC+}
 49236 | Snake:4  | Found a runed translucent gate.
 49236 | Snake:4  | Noticed F1ng0rz's ghost (adept VSFi)
 49237 | Snake:4  | Noticed croobank's ghost (adept DsFE)
 51523 | Snake:4  | Got a serpentine rune of Zot
 52009 | D:3      | Bought a scroll of blinking for 90 gold pieces
 52009 | D:3      | Bought a scroll of blinking for 90 gold pieces
 52571 | Swamp:4  | Entered Level 4 of the Swamp
 52577 | Swamp:4  | Paralysed by a fenstrider witch for 4 turns
 52586 | Swamp:3  | HP: 3/188 [alligator (24)]
 52591 | Swamp:3  | HP: 5/188 [fenstrider witch (18)]
 52591 | Swamp:3  | Slain by an alligator

Illustrated notes

Levels and vault maps discovered:
D:1:      elethiomel_arrival_infinity_welcomes_careful_drivers,
          layout_loops_ring, minmay_misc_feat_nine_boxes
D:2:      wad_lake_hut, layout_basic, serial_shops, nicolae_shop_trees,
          minmay_tall_x
D:3:      layout_basic, portal_sewer_entry_d, serial_shops,
          nicolae_diamond_shop, minmay_fractal_squares_diagonal_5
D:4:      layout_cave_pools, serial_bayou, serial_bayou_crossing,
          serial_bayou_lagoon_b, serial_bayou_ford_a, serial_bayou_pond_c,
          serial_bayou_shore_b
D:5:      layout_loops_ring, nicolae_shop_self_help
D:6:      layout_loops_corners, lightli_temple_of_fire, gammafunk_ghost_arena,
          serial_shops, shop
D:7:      layout_basic, minmay_temple_entry_glassed_door,
          ebering_ghost_reflecting_pool
D:8:      layout_gridville, minivault_27
D:9:      layout_irregular_city, nicolae_qazlal_scattered_showers,
          yredelemnul_forgotten_temple_becter,
          nicolae_kikubaaqudgha_miasma_corner, minitemple, uniq_gastronok
D:10:     layout_irregular_city, grunt_ministairs_7, uniq_maggie, uniq_urug
D:11:     layout_irregular_city, dpeg_lair_monsters, gauntlet_entry_generic,
          kennysheep_potato
D:12:     kennysheep_big_flooded_room, layout_long_grid, orc_0_dummy,
          kennysheep_boxes
D:13:     evilmike_halls_of_destruction, layout_rooms,
          ebering_ghost_disaster_area
D:14:     layout_roguey, erik_vaults_2, lemuel_coloured_pillars_altar,
          minmay_radiant, uniq_roxanne, uniq_azrael
D:15:     grunt_enter_depths_giant_problem, layout_rooms,
          portal_ice_cave_entry_ugly_swarm, grunt_dithmenos_smoke, serial_shops,
          nicolae_shop_competitors_out_of_business, uniq_jorgrun
Temple:   hellmonk_temple_of_storms
Lair:1:   layout_cave_pods, grunt_megastairs_5, lemuel_fruit_fields,
          infiniplex_staircase_pool_2, uniq_sonja
Lair:2:   wander_river, layout_chaotic_city, gammafunk_ghost_ooze
Lair:3:   layout_gridlike, skrybe_swamp_entry_bodies,
          guppyfry_snake_entry_garden, serial_bayou_lagoon_a,
          hangedman_tree_tricks, chequers_serial_rivers_micro_d
Lair:4:   layout_regular_city, nicolae_slime_entry_slimehenge,
          hangedman_lair_unloving_vines, grunt_megastairs_4, uniq_snorg
Lair:5:   guppyfry_lair_end_dragon, layout_hall_layers
Swamp:1:  layout_basic_swamp, nicolae_swamp_feature_on_the_river_bank,
          swamp_pool5, nicolae_swamp_spooky_pond, uniq_josephine
Swamp:2:  layout_basic_swamp, nicolae_swamp_triple_paths
Swamp:3:  layout_basic_swamp, evilmike_swamp_ruin_house_3, uniq_aizul,
          uniq_bai_suzhen, uniq_mlioglotl
Swamp:4:  swamp_icy, layout_basic_swamp, swamp_pool1
Snake:1:  layout_layer_cave, nicolae_triple_integral, uniq_nikola
Snake:2:  layout_onion, grunt_megastairs_2, uniq_vashnia
Snake:3:  layout_cave_town, basic_altar, minmay_shop_grove, lemuel_fruit_tree
Snake:4:  snake_pit_salamanders_mu, layout_misc_corridors,
          gammafunk_ghost_cemetery, serial_bayou_shore_a
Orc:1:    layout_caves, serial_shops, nicolae_shop_hallway_plus,
          nicolae_shop_stone, shop
Orc:2:    kennysheep_orc_mage_school, layout_caves, uniq_erolcha

Skill      XL: |  1  2  3  4  5  6  7  8  9 10 11 12 13 14 15 16 17 18 |
---------------+-------------------------------------------------------+-----
Transmutations | 3 4 5 6 7 11 13 14 16 19 | 19.3
Unarmed Combat | 4 6 7 9 10 11 12 13 15 16 17 18 19 20 | 20.0
Spellcasting   | 3 4 6 |  6.0
Poison Magic   | 2 3 |  3.6
Fighting       | 3 5 7 9 11 13 14 16 17 18 | 18.0
Ice Magic      | 4 6 |  6.0
Dodging        | 5 9 |  9.0
Stealth        | 4 6 |  6.0
Air Magic      | 2 5 7 9 12 | 12.0

Action                   |  1- 3 |  4- 6 |  7- 9 | 10-12 | 13-15 | 16-18 || total
-------------------------+-------+-------+-------+-------+-------+-------++-------
Melee: Unarmed           |   137 |   142 |   244 |   358 |   882 |   964 ||  2727
       Headbutt          |     8 |     8 |    23 |     2 |     1 |       ||    42
       Punch             |     4 |     2 |     7 |     4 |     5 |    27 ||    49
       Tailslap          |       |    10 |       |       |       |       ||    10
 Cast: Beastly Appendage |    20 |    17 |    29 |     5 |     2 |       ||    73
       Wereblood         |       |     1 |     6 |    10 |     9 |     1 ||    27
       Spider Form       |       |     2 |    12 |     7 |       |       ||    21
       Ice Form          |       |       |     3 |    34 |    80 |    79 ||   196
       Storm Form        |       |       |       |       |       |     9 ||     9
Invok: Lunge             |       |       |    14 |    36 |   107 |   117 ||   274
       Whirlwind         |       |       |    11 |   113 |   291 |   338 ||   753
       Serpent's Lash    |       |       |       |     3 |    18 |    22 ||    43
       Heavenly Storm    |       |       |       |       |     1 |       ||     1
 Abil: Blinkbolt         |       |       |       |       |       |     1 ||     1
Evoke: Wand              |       |       |       |       |    12 |       ||    12
  Use: Potion            |     1 |       |       |       |     4 |    10 ||    15
       Scroll            |       |       |    20 |    10 |     5 |     1 ||    36
 Stab: Sleeping          |       |     1 |       |    12 |     6 |    18 ||    37
       Petrified         |       |       |       |       |     5 |       ||     5
       Petrifying        |       |       |       |       |     3 |       ||     3
       Distracted        |       |       |       |       |     5 |     6 ||    11
Armor: Robe              |     9 |    14 |    34 |     7 |     3 |     3 ||    70
       Skin              |     1 |     2 |     5 |    51 |    85 |   116 ||   260
Dodge: Dodged            |    63 |    75 |   146 |   102 |   262 |   288 ||   936
Block: Other             |       |       |       |       |    72 |   106 ||   178
       Reflection        |       |       |       |       |     4 |    15 ||    19
